 Dungeon Crawl Stone Soup version 0.22-a0-448-g1fb7470 (webtiles) character file.

2 tristanlion the Grave Robber (level 1, -1/13 HPs)
             Began as a Demonspawn Necromancer on June 4, 2018.
             Slain by an ooze (2 damage)
             ... on level 1 of the Dungeon.
             The game lasted 00:02:00 (60 turns).

tristanlion the Grave Robber (Demonspawn Necromancer) Turns: 60, Time: 00:02:00

Health: -1/13      AC:  2    Str:  8    XL:     1   Next: 33%
Magic:  0/3        EV: 12    Int: 16    God:
Gold:   7          SH:  0    Dex: 13    Spells: 2/4 levels left

rFire    . . .     SeeInvis .   (no weapon)
rCold    . . .     Gourm    .   (no shield)
rNeg     . . .     Faith    .   a - +0 robe
rPois    .         Spirit   .   (no helmet)
rElec    .         Reflect  .   (no cloak)
rCorr    .         Harm     .   (no gloves)
MR       .....                  (no boots)
Stlth    ++........             (no amulet)
HPRegen  0.04/turn              (no ring)
MPRegen  0.08/turn              (no ring)

@: no status effects
A: no striking features
a: no special abilities


You were on level 1 of the Dungeon.
You were not hungry.

You visited 1 branch of the dungeon, and saw 1 of its levels.

You collected 7 gold pieces.

Inventory:

Missiles
 b - 21 poisoned needles
Armour
 a - a +0 robe (worn)
Comestibles
 c - a ration


   Skills:
 + Level 1.7 Dodging
 + Level 1.7 Stealth
 + Level 2.0 Spellcasting
 + Level 4.5 Necromancy


You had 2 spell levels left.
You knew the following spells:

 Your Spells              Type           Power        Failure   Level  Hunger
a - Pain                  Necr           ###.         3%          1    #......
b - Animate Skeleton      Necr           N/A          3%          1    #......

Your spell library contained the following spells:

 Spells                   Type           Power        Failure   Level  Hunger
 Animate Dead             Necr           N/A          32%         4    #####..
 Vampiric Draining        Necr           ###.......   10%         3    ###....
 Regeneration             Chrm/Necr      #.........   24%         3    ###....


Dungeon Overview and Level Annotations

Branches:
Dungeon (1/15)

Altars:


Message History

The ooze hits you but does no damage. The ooze hits you.
* * * LOW HITPOINT WARNING * * *
You see here 21 poisoned needles.
b - 21 poisoned needles The ooze hits you but does no damage.
Casting: Pain (safe; 3% risk of failure)
Confirm with . or Enter, or press ? or * to list all spells.
Aiming: Pain (safe; 3% risk of failure)
Press: ? - help, Shift-Dir - straight line, f - ooze
Aim: an ooze (lightly wounded, chance to defeat MR: 75%)
The ooze writhes in agony!
The ooze barely misses you.
Casting: Pain (safe; 3% risk of failure)
Confirm with . or Enter, or press ? or * to list all spells.
You don't know that spell.
A goblin comes into view.
Found a stone staircase leading down.
Found 10 gold pieces.
The ooze hits you.
You die...

......†...#
##.####...# #######
#......†..# #a#N#a#
#.#.####.########## #
#.# ##'##^#......
#.###...###.#####
#.#V#.>.....#i#^#
##.###J###..!#########
#....@..###+##O#h# #
#..####..# ##### # ..#
..>. ..... g......
....$.. .......


You could see an ooze.

Vanquished Creatures
  A leopard gecko (D:1)
  A rat (D:1)
2 creatures vanquished.

Notes
Turn   | Place    | Note
-------+----------+-------------------------------------------
     0 | D:1      | tristanlion the Demonspawn Necromancer began the quest for the Orb.
     0 | D:1      | Reached XP level 1. HP: 13/13 MP: 3/3
     0 | D:1      | Noticed a felid
     0 | D:1      | Noticed a vine stalker
     2 | D:1      | Learned a level 1 spell: Animate Skeleton
     3 | D:1      | Noticed a vampire
     3 | D:1      | Noticed a dwarf
     5 | D:1      | Noticed a felid
     8 | D:1      | Noticed an ogre
    11 | D:1      | Noticed a centaur
    13 | D:1      | Noticed a vampire
    15 | D:1      | Noticed a dwarf
    15 | D:1      | Noticed a formicid
    17 | D:1      | Noticed a minotaur
    18 | D:1      | Noticed a formicid
    22 | D:1      | Noticed a naga
    22 | D:1      | Noticed a spriggan
    22 | D:1      | Noticed a felid
    24 | D:1      | Noticed a formicid
    24 | D:1      | Noticed an ogre
    28 | D:1      | Noticed a vampire
    60 | D:1      | Slain by an ooze

Vault maps used:
D:1:      shiori_arrival_whats_in_store_for_you

Action                   || total
-------------------------++-------
Melee: Unarmed           ||     4
 Cast: Pain              ||     4
Armor: Robe              ||     3
Dodge: Dodged            ||     5

Table legend:
 A = Spawn XP
 B = Non-spawn XP
 C = Spawn XP percentage of total XP
 D = Spawn monster count
 E = Non-spawn monster count
 F = Spawn count percentage of total count
 G = Total turns spent on level
                    A         B        C        D         E        F      G
               +---------+---------+-------+---------+---------+-------+---------
         Total |       0 |       4 |   0.0 |       0 |       2 |   0.0 |    60
               +---------+---------+-------+---------+---------+-------+---------
           D:1 |       0 |       4 |   0.0 |       0 |       2 |   0.0 |    60
               +---------+---------+-------+---------+---------+-------+---------
